 Dungeon Crawl Stone Soup version 0.30-a0-830-gfe289a77b0 (webtiles) character file.

Game seed: 8236896965392466012

249 BattleRest the Covered (level 5, 0/48 HPs)
             Began as a Minotaur Fighter on Mar 1, 2023.
             Was a Follower of Cheibriados.
             Slain by Pikel
             ... wielding a +0 whip of freezing
              (2 damage)
             ... on level 4 of the Dungeon.
             The game lasted 00:08:54 (2385 turns).

BattleRest the Covered (Minotaur Fighter)           Turns: 2385, Time: 00:08:55

Health: 0/48       AC: 11    Str: 25    XL:     5   Next: 87%
Magic:  4/4        EV:  9    Int:  7    God:    Cheibriados [*.....]
Gold:   122        SH:  6    Dex: 17    Spells: 4/4 levels left

rFire   . . .      SeeInvis .    e - +4 morningstar of the Extremes {holy, Dex+6}
rCold   . . .      Faith    .    c - +0 buckler
rNeg    . . .      Spirit   .    b - +0 scale mail
rPois   .          Reflect  .    (helmet restricted)
rElec   .          Harm     .    j - +2 cloak {Will+}
rCorr   .          Rampage  .    (no gloves)
Will    +....                    f - +0 pair of boots Stlth
                                 (no amulet)
HPRegen 0.28/turn                (no ring)
MPRegen 0.09/turn                (no ring)

@: very slow
A: horns 2, retaliatory headbutt
a: Renounce Religion, Bend Time


You were on level 4 of the Dungeon.
You worshipped Cheibriados.
Cheibriados was aware of your devotion.
You visited 1 branch of the dungeon, and saw 4 of its levels.

You collected 122 gold pieces.

Inventory:

Hand Weapons
 a - a +0 flail of freezing
 e - the +4 morningstar of the Extremes (weapon) {holy, Dex+6}
   (You acquired it on level 2 of the Dungeon)

   Dex:       It affects your dexterity (+6).
Armour
 b - a +0 scale mail (worn)
 c - a +0 buckler (worn)
 f - a +0 pair of boots (worn)
 g - a +0 plate armour
 i - a +0 cloak
 j - a +2 cloak of willpower (worn)
Wands
 k - a wand of quicksilver (8)
Potions
 d - 3 potions of might
 h - 2 potions of curing
 m - 3 potions of heal wounds {unknown}


   Skills:
 + Level 5.0 Fighting
 + Level 4.2 Maces & Flails
 + Level 5.1 Armour
 + Level 5.1 Shields


You had 4 spell levels left.
You didn't know any spells.
Your spell library was empty.

Dungeon Overview and Level Annotations

Branches:
Dungeon (4/15)
 Temple: D:4-7

Altars:
Cheibriados
Nemelex Xobeh
Sif Muna
Uskayaw

Annotations:
D:4 Pikel


Innate Abilities, Weirdness & Mutations

You have a pair of horns on your head.
You reflexively headbutt those who attack you in melee.


Message History

Pikel is lightly wounded.
The lemure barely misses you. You block Pikel's attack.
The lemure hits you but does no damage.
You puncture Pikel! You headbutt Pikel, but do no damage.
Pikel is heavily wounded.
The lemure completely misses you. Pikel hits you but does no damage.
You block the lemure's attack. The lemure hits you but does no damage.
Pikel hits you with a +0 whip of freezing.
Pikel freezes you. The lemure hits you. Pikel attacks as you move away!
Pikel hits you with a +0 whip of freezing.
Pikel freezes you. You block the lemure's attack. The lemure hits you!
The lemure attacks as you move away! The lemure closely misses you.
You furiously retaliate!
You headbutt the lemure! The lemure hits you. The lemure closely misses you.
You furiously retaliate!
You headbutt the lemure! The lemure barely misses you.
The lemure hits you but does no damage. Pikel hits you but does no damage.
The lemure attacks as you move away! You block the lemure's attack.
The lemure attacks as you move away! You block the lemure's attack.
Pikel hits you with a +0 whip of freezing!
Pikel freezes you.
* * * LOW HITPOINT WARNING * * *
The lemure attacks as you move away! The lemure barely misses you.
Pikel attacks as you move away! You block Pikel's attack.
Pikel attacks as you move away!
Pikel hits you with a +0 whip of freezing.
* * * LOW HITPOINT WARNING * * *
Pikel freezes you.
* * * LOW HITPOINT WARNING * * *
The lemure attacks as you move away! The lemure hits you but does no damage.
Pikel attacks as you move away!
Pikel hits you with a +0 whip of freezing!
* * * LOW HITPOINT WARNING * * *
Pikel freezes you.
* * * LOW HITPOINT WARNING * * *
The lemure attacks as you move away! You block the lemure's attack.
Found a stone staircase leading up.
The lemure barely misses you.
Pikel hits you with a +0 whip of freezing.
You die...

#### ..## ... ##..##... ..<. #
#.. #....#.###.... #. #..#
#..........)...###.....##
#[.......#.###.#....##...
#.<......#..##.......#...
#.<....#...............#......
#.$..###.#....5........####>..
#........รท...@K5....^.[.#.....
......##....#.5.5.............
............#............####.
S...........#.....8.......# .
#.......................## .
...............8.8.....## .
........................# .
...##....?......8.8.#..... . .#
#...............###.....


You could see Pikel and 4 lemures.

Vanquished Creatures
  A necrophage (D:4)
  Crazy Yiuf (D:2)
  Jessica (D:3)
  An iguana (D:4)
  3 adders
  An ufetubus (D:4)
  2 dart slugs (D:1)
  5 orcs (D:3)
  6 endoplasms
  A giant cockroach (D:4)
  3 goblins
  6 hobgoblins
  6 jackals
  4 quokkas
  8 ball pythons
  5 bats
  4 frilled lizards
  2 kobolds
  8 rats
68 creatures vanquished.

Vanquished Creatures (others)
  A fungus (D:2)
  A plant (D:4)
2 creatures vanquished.

Grand Total: 70 creatures vanquished

Notes
Turn   | Place    | Note
-------+----------+-------------------------------------------
     0 | D:1      | BattleRest the Minotaur Fighter began the quest for the
                  | Orb.
     0 | D:1      | Reached XP level 1. HP: 19/19 MP: 0/0
    60 | D:1      | Reached XP level 2. HP: 20/27 MP: 1/1
   501 | D:1      | Reached XP level 3. HP: 33/33 MP: 2/2
   904 | D:2      | Identified a scroll of acquirement
   904 | D:2      | Acquired the +4 morningstar of the Extremes {holy, Dex+6}
  1146 | D:2      | Found a runed translucent door.
  1147 | D:2      | Noticed Crazy Yiuf
  1153 | D:2      | Killed Crazy Yiuf
  1154 | D:2      | Reached XP level 4. HP: 41/41 MP: 3/3
  1365 | D:3      | Noticed Jessica
  1371 | D:3      | Killed Jessica
  1837 | D:3      | Found a snail-covered altar of Cheibriados.
  1840 | D:3      | Became a worshipper of Cheibriados the Contemplative
  1851 | D:3      | Found a shimmering blue altar of Sif Muna.
  1928 | D:3      | Reached XP level 5. HP: 47/47 MP: 4/4
  2144 | D:4      | Reached skill level 5 in Armour
  2153 | D:4      | Reached skill level 5 in Shields
  2175 | D:4      | Reached * piety under Cheibriados
  2178 | D:4      | Reached skill level 5 in Fighting
  2259 | D:4      | Found a sparkling altar of Nemelex Xobeh.
  2260 | D:4      | Found a hide-covered altar of Uskayaw.
  2362 | D:4      | Noticed a lemure
  2362 | D:4      | Noticed a lemure
  2363 | D:4      | Noticed Pikel
  2364 | D:4      | Noticed a lemure
  2366 | D:4      | Noticed a lemure
  2384 | D:4      | HP: 2/48 [Pikel/+0 whip of freezing (10)]
  2385 | D:4      | Slain by Pikel

Illustrated notes

Levels and vault maps discovered:
D:1:      ebering_hopf_link, layout_loops_ring
D:2:      layout_rooms, uniq_crazy_yiuf_cottage
D:3:      layout_loops_ring, mainiacjoe_overflow_swirl, grunt_ministairs_7,
          uniq_jessica
D:4:      kennysheep_kobold_camp, layout_cave_pools, nicolae_overflow_squiral,
          nicolae_ossuary_entry_plus, serial_column_ruins,
          column_ruins_open_medium, column_ruins_grid_3, column_ruins_grid_2,
          hangedman_decor_slide_cut, serial_bayou_pond_e,
          chequers_serial_rivers_marsh, corexii_checkpoint_a,
          minmay_manual_monstrance, uniq_natasha, uniq_pikel

Skill      XL: |  1  2  3  4  5 |
---------------+----------------+-----
Armour         | 4 5 |  5.1
Fighting       | 4 5 |  5.0
Maces & Flails | 3 4 |  4.2
Shields        | 4 5 |  5.1

Action                     |  1- 3 |  4- 6 || total
---------------------------+-------+-------++-------
  Melee: Flail             |    56 |       ||    56
         Headbutt          |     9 |     7 ||    16
         Morningstar       |    13 |    55 ||    68
    Use: Scroll            |     5 |     6 ||    11
         Potion            |       |     2 ||     2
 Armour: Scale mail        |    32 |    29 ||    61
  Dodge: Dodged            |    33 |    32 ||    65
  Block: Buckler           |    16 |    23 ||    39

Table legend: (Time is in decaauts)
 A = Elapsed time spent in this place.
 B = Non-inter-level travel time spent in this place.
 C = Inter-level travel time spent in this place.
 D = Time resting spent in this place.
 E = Time spent auto-exploring this place.
 F = Levels seen in this place.
 G = Mean time per level.
                   A        B        C        D        E       F      G
               +--------+--------+--------+--------+--------+-----+--------+
         Total |   2580 |   2414 |    166 |    219 |   1533 |   4 |  645.0 |
       Dungeon |   2580 |   2414 |    166 |    219 |   1533 |   4 |  645.0 |
               +--------+--------+--------+--------+--------+-----+--------+

Top non-repeatable levels by time:
     D:3: 973 daAuts
     D:1: 665 daAuts
     D:2: 614 daAuts
     D:4: 327 daAuts
